 Dungeon Crawl Stone Soup version 0.32-a0-128-g77eb882913 (webtiles) character file.

Game seed: 13315324410018853741

10252 Ceno the Slicer (level 11, -9/90 HPs)
             Began as a Vine Stalker Brigand on Feb 7, 2024.
             Was a Believer of Uskayaw.
             Mangled by a wyvern (11 damage)
             ... on level 2 of the Lair of Beasts.
             The game lasted 00:36:40 (9535 turns).

Ceno the Slicer (Vine Stalker Brigand)              Turns: 9535, Time: 00:36:41

Health: -9/90      AC: 25    Str: 14    XL:     11   Next: 59%
Magic:  0/25       EV:  2    Int: 11    God:    Uskayaw [**....]
Gold:   561        SH:  5    Dex: 20    Spells: 10/10 levels left

rFire   . . .        a - +3 dagger
rCold   . . .        (no shield)
rNeg    . . .        z - melded +0 scale mail
rPois   +            (helmet currently unavailable)
rElec   .            y - melded +2 cloak
rCorr   .            N - melded +0 pair of gloves
SInv    .            u - melded +0 pair of boots
Will    +....        q - amulet of reflection
Stlth   ++++         b - ring of magical power
HPRegen 1.15/turn    J - +5 ring of evasion
MPRegen 0.19/turn

%: reflection, guardian spirit
@: tree-form
A: stationary, stasis, torment immunity, boosted hp, (fangs 3), regeneration 1,
magic shield, (antimagic bite), no potion heal 2
a: Renounce Religion, Stomp, Line Pass


You were on level 2 of the Lair of Beasts.
You worshipped Uskayaw.
Uskayaw was noncommittal.
You were a tree.
You visited 3 branches of the dungeon, and saw 12 of its levels.

You collected 561 gold pieces.

Inventory:

Hand Weapons
 a - a +3 dagger (weapon)
Missiles
 d - 5 poisoned darts (quivered)
 e - a curare-tipped dart
 f - 105 stones
 j - 8 javelins
 n - 6 boomerangs
Armour
 u - a +0 pair of boots (melded)
 y - a +2 cloak (melded)
 z - a +0 scale mail (melded)
 N - a +0 pair of gloves (melded)
Jewellery
 b - a ring of magical power (left branch)
 q - an amulet of reflection (around neck)
 I - a ring of positive energy
 J - a +5 ring of evasion (right branch)
 L - a +6 ring of dexterity
Wands
 t - a wand of paralysis (3)
 G - a wand of quicksilver (2)
 H - a wand of flame (28)
Scrolls
 c - a scroll of fear
 h - a scroll of acquirement {unknown}
 i - a scroll of immolation {unknown}
 k - 2 scrolls of revelation
 l - a scroll of blinking {unknown}
 m - 5 scrolls of noise
 r - 4 scrolls of fog
 s - 5 scrolls of teleportation
 A - 2 scrolls of poison
 B - a scroll of brand weapon {unknown}
 C - 2 scrolls of identify
 E - a scroll of enchant weapon
 M - 2 scrolls of vulnerability {unknown}
Potions
 g - 4 potions of haste
 o - 2 potions of mutation
 p - 2 potions of brilliance
 v - 2 potions of degeneration
 w - 3 potions of heal wounds
 x - 2 potions of magic
 D - a potion of lignification
 F - 2 potions of invisibility
 K - 2 potions of attraction


   Skills:
 - Level 8.0 Fighting
 - Level 10.0 Short Blades
 - Level 8.0 Throwing
 + Level 3.0 Armour
 - Level 0.7 Dodging
 + Level 7.7 Stealth
 * Level 5.5 Invocations


You had 10 spell levels left.
You didn't know any spells.
Your spell library contained the following spells:

 Spells                   Type           Power      Damage    Failure   Level
 Sandblast                Erth           0%         2d4       34%         1
 Passwall                 Erth           0%         N/A       71%         3
 Stone Arrow              Conj/Erth      0%         3d7       71%         3
 Brom's Barrelling Bould  Conj/Erth      0%         2d3       98%         4
 Summon Forest            Summ/Tloc      0%         N/A       100%        5
 Summon Mana Viper        Hex/Summ       0%         N/A       100%        5
 Summon Cactus Giant      Summ           0%         N/A       100%        6


Dungeon Overview and Level Annotations

Branches:
Dungeon (9/15)             Temple (1/1) D:4            Lair (2/5) D:8
  Swamp: Lair:2-3    Shoals: Lair:2-3     Snake: Lair:2-3    Spider: Lair:2-3
    Orc: D:9-12

Altars:
Ashenzari
Cheibriados
Dithmenos
Elyvilon
Fedhas
Gozag
Hepliaklqana
Kikubaaqudgha
Makhleb
Nemelex Xobeh
Okawaru
Qazlal
Ru
Sif Muna
Trog
Uskayaw
Vehumet
Wu Jian
Xom
Yredelemnul
Zin
The Shining One

Shops:
D:9 [

Annotations:
D:2 Sigmund
D:3 1 runed translucent door, Crazy Yiuf
D:8 Amaemon
D:9 4 transporters, Erolcha


Innate Abilities, Weirdness & Mutations

You are a tree.
Your roots penetrate the ground, keeping you stationary.
You cannot be teleported.
You are immune to unholy pain and torment.
Your maximum health is greatly increased.
Your equipment is partially melded.
((You have razor-sharp teeth.))
Your natural rate of healing is unusually fast.
When hurt, damage is shared between your health and your magic reserves.
((Your bite disrupts and absorbs the magic of your enemies.))
Potions cannot restore your health.


Message History

The cane toad poisons you!
The polar bear bites you but does no damage.
The polar bear claws you but does no damage.
You block the polar bear's attack. The hornet stings you.
The wyvern bites you but does no damage.
You miss the hornet.
The hornet is almost dead.
You feel very sick. The cane toad stings you!
You hit the hornet.
The hornet is almost dead.
You feel sick. You block the hornet's attack.
The wyvern bites you but does no damage.
The polar bear bites you.
* * * LOW HITPOINT WARNING * * *
The polar bear claws you but does no damage. x2
You can now pass through a line of other dancers.
You barely miss the hornet.
The hornet is almost dead.
You feel sick. You block the hornet's attack. The wyvern bites you!
* * * LOW HITPOINT WARNING * * *
The cane toad stings you but does no damage.
You barely miss the hornet.
The hornet is almost dead.
You feel sick.
The polar bear bites you but does no damage.
You block the polar bear's attack.
The polar bear claws you but does no damage.
The wyvern bites you!
* * * LOW HITPOINT WARNING * * *
The hornet stings you.
* * * LOW HITPOINT WARNING * * *
You feel yourself slow down.
Your system rejects the healing.
You feel better.
You feel yourself speed up. The cane toad stings you.
* * * LOW HITPOINT WARNING * * *
The wyvern bites you!
You die...
Your body falls in perfect tune with the rhythm.

#.......#. ##+
.......(.###...
.........(.....
................
......... ...
#....###..##
#..(..##...### ?.
#.ky.##......##..
#..♣..#...........
+..Fh.#.......~...
#..........~~~~...
#....##...~≈≈~~~~.
#....##...≈~≈~~...
#....####.~~≈≈≈~>.
#.......#.~≈≈≈≈~..
........^..?≈≈≈≈~..
.............~≈≈≈~~~


You could see a polar bear, a cane toad, a hornet and a wyvern.

Vanquished Creatures
  A death yak (D:7)
  Pikel (D:6)
  An elephant (D:8)
  An orange demon (D:8)
  A rime drake (Lair:1)
  3 komodo dragons (Lair:1)
  Jeremiah (D:8)
  4 cane toads (Lair:1)
  2 hornets (D:9)
  3 blink frogs (Lair:1)
  6 yaks
  A wyvern (Lair:1)
  A basilisk (D:8)
  A steam dragon (D:8)
  An acid dragon (D:7)
  A sky beast (D:8)
  An orc warrior (D:7)
  4 ogres
  An ice beast (D:5)
  3 black bears
  3 centaurs
  3 lemures
  3 phantoms
  A kobold brigand (D:5)
  7 bullfrogs
  2 gnoll sergeants
  4 scorpions
  6 killer bees
  8 howler monkeys
  A vampire bat (D:3)
  2 electric eels (Lair:1)
  4 hounds
  3 jellies
  3 bombardier beetles
  4 orc priests
  A sleepcap (D:7)
  3 iguanas
  4 orc wizards
  12 gnolls
  6 adders
  4 white imps
  3 fire bats (D:3)
  A ribbon worm (D:4)
  19 orcs
  2 spectral bats (D:3)
  8 ball pythons
  3 bat skeletons (D:3)
  A bat zombie (D:3)
  5 endoplasms
  2 giant cockroaches
  5 goblins
  7 hobgoblins
  2 quokkas
  16 bats
  A bat simulacrum (D:3)
  3 frilled lizards (D:3)
  11 kobolds
  5 rats
  A spectral goblin (D:1)
217 creatures vanquished.

Vanquished Creatures (others)
  A human (D:5)
1 creature vanquished.

Grand Total: 218 creatures vanquished

Notes
Turn   | Place    | Note
-------+----------+-------------------------------------------
     0 | D:1      | Ceno the Vine Stalker Brigand began the quest for the Orb.
     0 | D:1      | Reached XP level 1. HP: 11/11 MP: 2/2
   103 | D:1      | Reached skill level 2 in Short Blades
   114 | D:1      | Reached XP level 2. HP: 15/15 MP: 3/3
   135 | D:1      | Found a faded altar of an unknown god.
   762 | D:2      | Reached XP level 3. HP: 18/18 MP: 4/4
   902 | D:2      | Noticed Sigmund
  1485 | D:3      | Found a radiant altar of Vehumet.
  1673 | D:3      | Reached XP level 4. HP: 23/23 MP: 5/5
  1682 | D:3      | Reached skill level 3 in Short Blades
  2022 | D:3      | Reached XP level 5. HP: 27/27 MP: 4/6
  2311 | D:3      | Found a runed translucent door.
  2312 | D:3      | Noticed Crazy Yiuf
  2409 | D:4      | Reached skill level 4 in Short Blades
  2409 | D:4      | Reached XP level 6. HP: 32/32 MP: 7/7
  2444 | D:4      | Found a staircase to the Ecumenical Temple.
  2493 | Temple   | Entered the Ecumenical Temple
  2561 | D:4      | Found a blossoming altar of Fedhas.
  2914 | D:5      | Entered Level 5 of the Dungeon
  2947 | D:5      | Noticed an ice beast
  2961 | D:5      | Killed an ice beast
  2962 | D:5      | Reached XP level 7. HP: 36/36 MP: 8/8
  3011 | D:4      | Found an ornate altar of the Wu Jian Council.
  3316 | D:5      | Noticed an angel
  3316 | D:5      | Found a glowing silver altar of Zin.
  3318 | D:5      | Reached skill level 5 in Short Blades
  3318 | D:5      | Found a shimmering altar of Xom.
  3439 | D:5      | Found an ancient bone altar of Kikubaaqudgha.
  3439 | D:5      | Noticed a human
  3444 | D:5      | Killed a human
  3623 | D:5      | Gained mutation: You have razor-sharp teeth. [Vine Stalker
                  | growth]
  3623 | D:5      | Reached XP level 8. HP: 42/42 MP: 9/9
  3756 | D:5      | Reached skill level 6 in Short Blades
  4033 | D:5      | Found a shimmering blue altar of Sif Muna.
  4163 | D:6      | Found a shadowy altar of Dithmenos.
  4448 | D:6      | Noticed Pikel
  4530 | D:5      | Reached skill level 5 in Fighting
  4530 | D:5      | Reached skill level 7 in Short Blades
  4530 | D:5      | Reached skill level 5 in Throwing
  4654 | D:6      | Killed Pikel
  4655 | D:6      | Reached XP level 9. HP: 43/47 MP: 8/10
  4727 | D:6      | Reached skill level 8 in Short Blades
  5583 | D:7      | Found an opulent altar of Gozag.
  5809 | D:7      | Reached skill level 9 in Short Blades
  5953 | D:7      | Reached XP level 10. HP: 53/53 MP: 11/11
  6055 | D:7      | Found a snail-covered altar of Cheibriados.
  6231 | D:8      | Noticed an elephant
  6231 | D:8      | Noticed a death yak
  6231 | D:8      | Found a staircase to the Lair.
  6350 | D:7      | Killed a death yak
  6444 | D:8      | Noticed Jeremiah
  6631 | D:8      | Noticed an orange demon
  6632 | D:8      | Noticed Amaemon
  6695 | D:8      | Killed an orange demon
  6696 | D:8      | Reached skill level 10 in Short Blades
  6952 | D:8      | Killed an elephant
  7080 | D:8      | Killed Jeremiah
  7330 | D:9      | Found a basalt altar of Yredelemnul.
  7359 | D:9      | Noticed Erolcha
  7386 | D:9      | Found Gat Piad's Armour Boutique.
  7587 | D:9      | Reached skill level 5 in Stealth
  7627 | D:9      | Found a hazy altar of Hepliaklqana.
  7630 | D:9      | Found a hide-covered altar of Uskayaw.
  7631 | D:9      | Found a stormy altar of Qazlal.
  7634 | D:9      | Became a worshipper of Uskayaw the Reveller
  7650 | D:9      | Reached * piety under Uskayaw
  7653 | D:9      | Reached ** piety under Uskayaw
  7658 | D:9      | Reached *** piety under Uskayaw
  7660 | D:9      | Reached **** piety under Uskayaw
  7742 | D:9      | Found a transporter.
  7742 | D:9      | Found a transporter.
  7747 | D:9      | Found a transporter.
  7747 | D:9      | Found a transporter.
  8054 | D:9      | Reached skill level 1 in Invocations
  8186 | D:9      | Found a white marble altar of Elyvilon.
  8232 | D:9      | Reached XP level 11. HP: 60/60 MP: 13/13
  8272 | Lair:1   | Entered Level 1 of the Lair of Beasts
  8282 | Lair:1   | Reached skill level 1 in Armour
  8676 | Lair:1   | Reached ***** piety under Uskayaw
  8942 | Lair:1   | Reached skill level 5 in Invocations
  9520 | Lair:2   | Paralysed by a hornet for 2 turns
  9534 | Lair:2   | HP: 4/90 [hornet (4)]
  9535 | Lair:2   | Mangled by a wyvern

Illustrated notes

Levels and vault maps discovered:
D:1:      dpeg_arrival_tiny_i, layout_loops_cross,
          dreamdust_ecumenical_altar_drowned_temple, palyth_stone_intersect
D:2:      layout_basic, minmay_distorted, uniq_sigmund
D:3:      layout_loops_ring, lemuel_crystal_altar, goddamned_bats,
          uniq_crazy_yiuf_cottage
D:4:      layout_basic, kennysheep_little_box, old_standard_altar,
          minmay_temple_entry_large_hall
D:5:      layout_loops_ring, grunt_temple_overflow_order_and_chaos_1,
          tgw_kikubaaqudgha, lemuel_blue_sif_altar
D:6:      layout_loops_ring, mainiacjoe_overflow_24_doors, uniq_pikel
D:7:      layout_rooms, slow_altar_2, grunt_gozag_statues, grunt_ministairs_9
D:8:      layout_loops_ring, david_lair_generic, uniq_jeremiah, uniq_amaemon
D:9:      layout_basic, kennysheep_ying_yang, grunt_temple_overflow_open,
          serial_shops, shop_fountains, grunt_decor_resistance,
          nicolae_diode_quadrants, uniq_erolcha
Temple:   nicolae_temple_ecumenical_triangle
Lair:1:   layout_gridlike
Lair:2:   layout_regular_city, nicolae_snake_entry_warm_welcome,
          infiniplex_staircase_pool, serial_bayou_shore_b, uniq_urug

Skill      XL: |  1  2  3  4  5  6  7  8  9 10 11 |
---------------+----------------------------------+-----
Short Blades   | 2 3 4 5 7 9 10 | 10.0
Fighting       | 2 3 4 5 6 8 |  8.0
Throwing       | 2 3 4 5 6 8 |  8.0
Stealth        | 5 7 |  7.7
Invocations    | 1 5 |  5.5
Armour         | 3 |  3.0
Dodging        | |  0.7

Action                     |  1- 3 |  4- 6 |  7- 9 | 10-12 || total
---------------------------+-------+-------+-------+-------++-------
  Melee: Dagger            |    62 |   135 |   319 |   277 ||   793
         Bite              |     6 |    38 |    98 |   105 ||   247
         Punch             |     3 |    13 |    29 |    26 ||    71
  Throw: Dart              |       |     7 |    95 |    85 ||   187
         Boomerang         |       |     2 |    23 |    39 ||    64
         Throwing net      |       |     2 |       |       ||     2
  Evoke: Wand              |       |       |     1 |     2 ||     3
    Use: Scroll            |     3 |     2 |       |    12 ||    17
         Potion            |       |       |     1 |     3 ||     4
   Stab: Sleeping          |    16 |    10 |     3 |     4 ||    33
         Held in net/web   |       |     1 |       |       ||     1
         Paralysed         |       |       |       |     4 ||     4
 Armour: Robe              |    11 |       |       |       ||    11
         Scale mail        |     6 |    78 |   150 |    74 ||   308
         Leather armour    |     2 |       |       |       ||     2
         Skin              |       |       |       |    40 ||    40
  Dodge: Dodged            |    20 |    58 |   137 |    78 ||   293
  Block: Other             |     4 |    32 |    53 |    33 ||   122
         Reflection        |       |     1 |     6 |     1 ||     8

Table legend: (Time is in decaauts)
 A = Elapsed time spent in this place.
 B = Non-inter-level travel time spent in this place.
 C = Inter-level travel time spent in this place.
 D = Time resting spent in this place.
 E = Time spent auto-exploring this place.
 F = Levels seen in this place.
 G = Mean time per level.
                   A        B        C        D        E       F      G
               +--------+--------+--------+--------+--------+-----+--------+
         Total |   9214 |   8855 |    359 |    159 |   5799 |  12 |  767.8 |
       Dungeon |   8005 |   7667 |    338 |    133 |   5051 |   9 |  889.4 |
        Temple |     17 |     17 |      0 |      0 |      0 |   1 |   17.0 |
          Lair |   1191 |   1170 |     21 |     25 |    748 |   2 |  595.5 |
               +--------+--------+--------+--------+--------+-----+--------+

Top non-repeatable levels by time:
  Lair:1: 1135 daAuts
     D:6: 1072 daAuts
     D:7: 1008 daAuts
     D:5: 950 daAuts
     D:8: 910 daAuts
     D:9: 873 daAuts
     D:4: 866 daAuts
     D:2: 845 daAuts
     D:3: 842 daAuts
     D:1: 635 daAuts
  Lair:2: 56 daAuts
  Temple: 17 daAuts
